AoeStats
← aDT_The Night Panda

Socotra

506895089Analyzed
3v3 RM · 16d ago on Sep 15, 2026· 24m 37s· 6 players
Game mode
Random Map
Map size
128×128
Population
200
Speed
Normal
Resources
Standard
Victory
Conquest
Starting age
Dark Age
Ending age
Imperial Age
RankedLock teamsTeams togetherTeam positionsShared explorationLock speedFull tech treeHidden civsTurbo modeCheats
Victory
Defeat
🇩🇰 Vietnamese · Denmark
1793
+14
🇩🇰 Turks · Denmark
1789
+14
🇩🇰 Burgundians · Denmark
1747
+16
🇳🇴 Magyars · Norway
1862
-19
🇳🇴 Maya · Norway
1711
-13
🇳🇴 Wu · Norway
1668
-12
r0adyyy
0:25 Loom
9:18 Feudal Age
9:45 Double-Bit Axe
13:51 Fletching
20:55 Castle Age
18:56 Horse Collar
19:57 Gold Mining
20:58 Crossbowman
21:34 Bodkin Arrow
21:50 Bow Saw
23:08 Ballistics
23:25 Padded Archer Armor
[Nors] OG DADDY
5:48 Loom
8:38 Feudal Age
9:01 Man-at-Arms
16:13 Double-Bit Axe
18:22 Fletching
21:44 Padded Archer Armor
25:55 Castle Age
[Nors] Laksen ><(((º>
6:33 Loom
8:35 Feudal Age
18:56 Scale Barding Armor
19:01 Forging
19:43 Forging
22:44 Double-Bit Axe
23:59 Town Watch
24:57 Bloodlines
Young Carter
2:29 Loom
4:07 Double-Bit Axe
8:29 Horse Collar
12:29 Feudal Age
13:31 Double-Bit Axe
14:46 Town Watch
16:18 Fletching
16:29 Padded Archer Armor
16:47 Bow Saw
21:05 Castle Age
20:02 Gold Mining
20:25 Heavy Plow
21:49 Bodkin Arrow
22:51 Wheelbarrow
21:56 Crossbowman
24:44 Ballistics
DK | Mauseren
2:47 Loom
9:13 Feudal Age
10:16 Double-Bit Axe
15:17 Fletching
19:27 Padded Archer Armor
24:50 Castle Age
aDT_The Night Panda
8:26 Feudal Age
6:43 Loom
9:13 Double-Bit Axe
15:10 Scale Barding Armor
16:51 Bloodlines
17:03 Forging
18:10 Town Watch
19:29 Wheelbarrow
19:15 Horse Collar
22:39 Castle Age
23:42 Chain Barding Armor
23:26 Husbandry
24:03 Bow Saw
Connection lost

Rejoining the realm…

Still unreachable

The connection could not be restored.

Session expired

The server has moved on; the page needs a fresh start.